 Dungeon Crawl Stone Soup version 0.24.1-14-gf8d2b509d9 (webtiles) character file.

Game seed: 13784180538434158712, levelgen mode: deterministic

28347 Gildeon the Bludgeoner (level 13, -51/79 HPs)
             Began as a Gargoyle Fighter on Oct 10, 2020.
             Was a Priest of Ashenzari.
             Killed from afar by Jorgrun (60 damage)
             ... with an iron shot
             ... on level 14 of the Dungeon on Oct 11, 2020.
             The game lasted 00:57:29 (12331 turns).

Gildeon the Bludgeoner (Gargoyle Fighter)          Turns: 12331, Time: 00:57:29

Health: -51/79     AC: 34    Str: 30    XL:     13   Next: 38%
Magic:  9/9        EV:  4    Int: 17    God:    Ashenzari [***...]
Gold:   508        SH: 23    Dex: 11    Spells: 13/17 levels left

rFire    . . .     SeeInvis +   a - +2 morningstar
rCold    . . .     Gourm    .   l - +4 large shield (curse)
rNeg     + . .     Faith    .   c - +1 plate armour {rPois}
rPois    ∞         Spirit   .   m - +4 helmet of Circular Logic {Int+4}
rElec    +         Reflect  .   R - +0 cloak
rCorr    .         Harm     .   D - +1 pair of gloves "Usout" {MR++ Regen+ MP-9 Int+4} (curse)
MR       ++...                  I - +0 pair of boots {Fly}
Stlth    ..........             (no amulet)
HPRegen  0.63/turn              P - +4 ring of slaying
MPRegen  0.11/turn              H - +2 ring of dexterity

@: mighty, grasped by roots, flying, constricted
A: negative energy resistance 1, electricity resistance, unbreathing,
petrification resistance, rot immunity, AC +9
a: Curse Item, Scrying, Renounce Religion, Stop Flying


You were on level 14 of the Dungeon.
You worshipped Ashenzari.
Ashenzari was most pleased with you.
You were not hungry.

You visited 2 branches of the dungeon, and saw 15 of its levels.
You also visited: Ossuary.

You collected 932 gold pieces.
You spent 424 gold pieces at shops.

Inventory:

Hand Weapons
 a - a +2 morningstar (weapon)
Missiles
 e - 346 stones
 x - 4 throwing nets (quivered)
Armour
 c - a +1 plate armour of poison resistance (worn)
 l - a cursed +4 large shield (worn)
 m - the +4 helmet of Circular Logic (worn) {Int+4}
   (You found it on level 11 of the Dungeon)

   It affects your intelligence (+4).
 D - the cursed +1 pair of gloves "Usout" (worn) {MR++ Regen+ MP-9 Int+4}
   (You bought it in a shop on level 6 of the Dungeon)

   It affects your intelligence (+4).
   It affects your resistance to hostile enchantments.
   It affects your magic capacity (-9).
   It increases your rate of regeneration.
   It has a curse placed upon it.
 I - a +0 pair of boots of flying (worn)
 R - a +0 cloak (worn)
Jewellery
 u - an uncursed ring of resist corrosion
 v - an uncursed ring of positive energy
 H - a +2 ring of dexterity (right hand)
 M - an uncursed ring of protection from fire
 P - a +4 ring of slaying (left hand)
Wands
 g - a wand of paralysis (8)
 q - a wand of enslavement (7)
 t - a wand of scattershot (3)
 C - a wand of flame (24)
 G - a wand of random effects (23)
 K - a wand of digging (15)
 L - a wand of disintegration (26)
 N - a wand of polymorph (9)
 O - a wand of iceblast (6)
Scrolls
 j - 9 scrolls of teleportation
 k - a scroll of fear
 n - 2 scrolls of magic mapping
 o - a scroll of brand weapon {unknown}
 r - a scroll of fog {unknown}
 y - 2 scrolls of silence
 B - a scroll of random uselessness {unknown}
 Q - 2 scrolls of amnesia {unknown}
 S - 3 scrolls of noise {unknown}
Potions
 b - 3 potions of lignification
 d - a potion of might
 p - a potion of mutation
 s - 7 potions of brilliance
 w - 2 potions of berserk rage
 z - a potion of invisibility {unknown}
 A - 2 potions of haste
 E - 5 potions of curing
 F - 2 potions of ambrosia
 J - 2 potions of magic
Comestibles
 f - 28 rations
 h - 5 chunks of flesh


   Skills:
 + Level 8.6 Fighting
 + Level 15.0 Maces & Flails
 + Level 7.6 Armour
 + Level 6.6 Dodging
 + Level 7.6(9.6) Shields
 + Level 2.5 Spellcasting
 + Level 0.8 Hexes
 + Level 7.0 Evocations


You had 13 spell levels left.
You knew the following spells:

 Your Spells              Type           Power        Failure   Level  Hunger
a - Cause Fear            Hex            #.........   100%        4    #####..

Your spell library contained the following spells:

 Spells                   Type           Power        Failure   Level  Hunger
 Silence                  Hex/Air        #.........   100%        5    ######.
 Yara's Violent Unravell  Hex/Tmut       #.........   100%        5    ######.
 Deflect Missiles         Chrm/Air       #.........   100%        6    #######
 Discord                  Hex            #.........   100%        8    #######


Dungeon Overview and Level Annotations

Branches:
Dungeon (14/15)            Temple (1/1) D:4            Lair (0/6) D:9
    Orc (0/2) D:9          Vaults (0/5) D:13        Ossuary (visited)

Altars:
Ashenzari
Cheibriados
Dithmenos
Elyvilon
Fedhas
Gozag
Hepliaklqana
Kikubaaqudgha
Makhleb
Nemelex Xobeh
Okawaru
Qazlal
Ru
Sif Muna
Trog
Uskayaw
Vehumet
Wu Jian
Xom
Yredelemnul
Zin
The Shining One
Beogh

Shops:
D:6 [   D:7 (   D:14 (

Annotations:
D:10 3 runed translucent doors, chispire's ghost, novice MiFi
D:14 Jorgrun


Innate Abilities, Weirdness & Mutations

You are resistant to torment.
Your stone body is resilient. (AC +9)
You are immune to poison.
You resist negative energy. (rN+)
You are resistant to electric shocks. (rElec)
You can survive without breathing.
You are immune to petrification.
You are immune to rotting.


Message History

You feel much better.
You hear the loud beating of a drum nearby.
Jorgrun gestures at you while chanting. You resist with almost no effort.
The grasping roots constrict you!!
You impale Jorgrun!!
Jorgrun is almost dead.
Jorgrun gestures at you while chanting. You resist with almost no effort.
The grasping roots constrict you.
You thump Jorgrun!
Jorgrun is almost dead.
Jorgrun gestures at you while chanting.
The wall shatters!
The blast of rock fragments hits you!
* * * LOW HITPOINT WARNING * * *
x2 The grasping roots constrict you!
You barely miss Jorgrun.
Jorgrun is almost dead.
Jorgrun casts a spell at you. The iron shot hits you!!!
Ouch! That really hurt!
You die...

..........# #####....
.........#.#* ###.. ,
............#### #.. ,
.?........#....##### #..
<.........# #.....# #..
, ..........# #..)..#
#..
..........####.....###..
* ,
........................
, * ,
......g@######.....###..
*####..###*#...^....#
#.. , ....* *...##.....#
#.. , ..$.* ,..# #######
##. , ... #* ## , , ..,
, , * . * * , ,, ∩,


You could see Jorgrun.

Vanquished Creatures
  Louise (D:14)
  Azrael (D:12)
  A hydra (D:12)
  A vault guard (D:13)
  2 centaur warriors (D:13)
  2 two-headed ogres
  A tengu warrior (D:12)
  Urug (D:11)
  4 unseen horrors
  A deep elf mage (D:12)
  A manticore (D:13)
  8 ugly things
  12 slime creatures
  2 centaur zombies
  A kobold demonologist (D:11)
  3 trolls
  2 hippogriffs
  2 wraiths (Ossuary)
  A vampire (D:10)
  3 fire elementals (D:12)
  A basilisk (D:11)
  A human (D:8)
  10 yaks
  2 vampire mosquitoes (D:13)
  A warg (D:8)
  2 water moccasins
  A hell hound (D:12)
  3 porcupines (D:9)
  2 black bears
  5 ice beasts
  8 orc warriors
  6 ogres
  3 sky beasts
  5 phantoms
  A necrophage (D:12)
  5 centaurs
  2 crocodiles
  Blork the orc (D:6)
  A wyvern zombie (D:9)
  12 bullfrogs
  5 scorpions
  8 killer bees (D:11)
  21 wights
  5 howler monkeys
  2 crimson imps
  4 jellies
  2 hounds
  8 orc priests
  13 orc wizards
  5 iguanas
  10 worker ants
  A hound skeleton (D:10)
  A mummy (D:5)
  2 worker ant zombies
  15 adders
  3 gnolls (D:8)
  2 shadow imps (D:8)
  3 adder skeletons
  An adder zombie (D:5)
  2 worms
  3 dart slugs
  6 leopard geckos
  51 orcs
  A ball python (D:4)
  8 bats
  9 giant cockroaches
  8 goblins
  11 hobgoblins
  10 jackals
  7 quokkas
  3 ball python skeletons (Ossuary)
  8 frilled lizards
  2 hobgoblin skeletons (Ossuary)
  3 hobgoblin zombies (Ossuary)
  A jackal skeleton (D:4)
  9 kobolds
  An orc zombie (Ossuary)
  12 rats
  A fungus (D:9)
389 creatures vanquished.

Vanquished Creatures (others)
  3 jackals (D:3)
  3 fungi (D:9)
6 creatures vanquished.

Grand Total: 395 creatures vanquished

Notes
Turn   | Place    | Note
-------+----------+-------------------------------------------
     0 | D:1      | Gildeon the Gargoyle Fighter began the quest for the Orb.
     0 | D:1      | Reached XP level 1. HP: 14/14 MP: 1/1
   126 | D:1      | Reached XP level 2. HP: 19/19 MP: 2/2
   228 | D:1      | Reached skill level 3 in Maces & Flails
   582 | D:1      | Reached XP level 3. HP: 23/23 MP: 3/3
   646 | D:1      | You fall into a shaft and drop 1 floor!
   646 | D:2      | Found a shadowy altar of Dithmenos.
   777 | D:1      | Reached skill level 4 in Maces & Flails
  1111 | D:2      | Found a stormy altar of Qazlal.
  1352 | D:2      | Reached XP level 4. HP: 28/28 MP: 4/4
  1605 | D:2      | Found an ancient bone altar of Kikubaaqudgha.
  1904 | D:3      | Reached XP level 5. HP: 29/32 MP: 5/5
  2117 | D:3      | Reached skill level 5 in Maces & Flails
  2498 | D:4      | Reached XP level 6. HP: 32/38 MP: 6/6
  2532 | D:4      | Found a staircase to the Ecumenical Temple.
  2547 | Temple   | Entered the Ecumenical Temple
  2641 | Temple   | Became a worshipper of Ashenzari the Shackled
  2964 | D:4      | Reached skill level 6 in Maces & Flails
  3032 | D:4      | Found a sparkling altar of Nemelex Xobeh.
  3451 | D:5      | Entered Level 5 of the Dungeon
  3575 | D:5      | Found a sand-covered staircase.
  3624 | Ossuary  | Entered an ossuary
  3683 | Ossuary  | Reached XP level 7. HP: 44/44 MP: 7/7
  3745 | Ossuary  | Noticed a flying skull
  3745 | Ossuary  | Noticed a wraith
  3759 | Ossuary  | Noticed a wraith
  3782 | Ossuary  | Killed a wraith
  3782 | Ossuary  | Reached skill level 5 in Fighting
  3782 | Ossuary  | Reached skill level 7 in Maces & Flails
  3794 | Ossuary  | Noticed a flying skull
  3826 | Ossuary  | Noticed a wraith
  3849 | Ossuary  | Killed a wraith
  3983 | Ossuary  | Noticed a flying skull
  4021 | Ossuary  | Reached skill level 8 in Maces & Flails
  4213 | D:5      | Reached XP level 8. HP: 49/49 MP: 8/8
  4646 | D:6      | Reached skill level 9 in Maces & Flails
  5253 | D:6      | Reached skill level 10 in Maces & Flails
  5310 | D:6      | Found Geodi's Antique Armour Emporium.
  5321 | D:6      | Bought a pair of heavily runed gloves for 237 gold pieces
  5326 | D:6      | Identified the +1 pair of gloves "Usout" {MR++ Regen+ MP-9
                  | Int+4} (You bought it in a shop on level 6 of the Dungeon)
  5329 | D:6      | Found a snail-covered altar of Cheibriados.
  5360 | D:6      | Reached * piety under Ashenzari
  5483 | D:6      | Reached XP level 9. HP: 54/54 MP: 0/9
  5542 | D:6      | Noticed Blork the orc
  5549 | D:6      | Killed Blork the orc
  5788 | D:6      | Reached skill level 11 in Maces & Flails
  5853 | D:7      | Reached skill level 5 in Armour
  6100 | D:7      | Reached skill level 1 in Dodging
  6603 | D:7      | Found Yninn's Antique Weapon Boutique.
  6649 | D:6      | Bought a pair of runed boots for 187 gold pieces
  7030 | D:8      | Reached XP level 10. HP: 59/59 MP: 1/10
  7078 | D:8      | Reached skill level 12 in Maces & Flails
  7434 | D:8      | Reached skill level 5 in Shields
  7572 | D:9      | Found a staircase to the Orcish Mines.
  7681 | D:9      | Found a staircase to the Lair.
  7976 | D:9      | Reached ** piety under Ashenzari
  8312 | D:10     | Entered Level 10 of the Dungeon
  8359 | D:10     | Reached skill level 13 in Maces & Flails
  8382 | D:10     | Noticed an unseen horror
  8417 | D:10     | Killed an unseen horror
  8424 | D:10     | Found a shimmering blue altar of Sif Muna.
  8507 | D:10     | Found a runed translucent gate.
  8507 | D:10     | Identified the +3 broad axe "Ugestoel" {venom, rElec rF+
                  | Str-3}
  8508 | D:10     | Noticed chispire's ghost (novice MiFi)
  8508 | D:10     | Found a runed translucent gate.
  8516 | D:10     | Found a runed translucent gate.
  8680 | D:10     | Reached XP level 11. HP: 64/64 MP: 2/11
  8695 | D:10     | Found a stormy altar of Qazlal.
  8873 | D:10     | Noticed a two-headed ogre
  8882 | D:10     | Killed a two-headed ogre
  8882 | D:10     | Reached skill level 1 in Evocations
  8956 | D:10     | Found a roughly hewn altar of Beogh.
  9020 | D:11     | Reached skill level 5 in Dodging
  9219 | D:11     | Got the uncursed helmet of Circular Logic {Int+4}
  9230 | D:11     | Identified the +4 helmet of Circular Logic {Int+4} (You
                  | found it on level 11 of the Dungeon)
  9251 | D:11     | Reached skill level 14 in Maces & Flails
  9298 | D:11     | Noticed a sun demon
  9301 | D:11     | Noticed a sun demon
  9457 | D:11     | Noticed a two-headed ogre
  9483 | D:11     | Killed a two-headed ogre
  9635 | D:11     | Noticed a brown ugly thing
  9779 | D:11     | Noticed a purple ugly thing
  9954 | D:11     | Killed a purple ugly thing
  9954 | D:11     | Reached skill level 5 in Evocations
 10084 | D:11     | Noticed Urug
 10110 | D:11     | Killed Urug
 10341 | D:11     | Reached XP level 12. HP: 52/71 MP: 5/16
 10380 | D:11     | HP: 3/71 [acid (9)]
 10607 | D:12     | Noticed Azrael
 10622 | D:12     | Killed Azrael
 10797 | D:12     | Noticed a tengu warrior
 10797 | D:12     | Noticed a six-headed hydra
 10809 | D:12     | Killed a six-headed hydra
 10823 | D:12     | Killed a tengu warrior
 10841 | D:12     | Reached *** piety under Ashenzari
 11687 | D:13     | Noticed a centaur warrior
 11696 | D:13     | Killed a centaur warrior
 11747 | D:13     | Found a gate to the Vaults.
 11747 | D:13     | Noticed a vault guard
 11780 | D:13     | Killed a vault guard
 11780 | D:13     | Reached skill level 1 in Spellcasting
 11864 | D:13     | Reached XP level 13. HP: 78/78 MP: 8/17
 12056 | D:14     | Found Canuaxzi's Antique Weapon Boutique.
 12179 | D:14     | Learned a level 4 spell: Cause Fear
 12213 | D:14     | Noticed Louise
 12293 | D:14     | Killed Louise
 12293 | D:14     | Reached skill level 15 in Maces & Flails
 12308 | D:14     | Noticed Jorgrun
 12331 | D:14     | Killed from afar by Jorgrun

Levels and vault maps discovered:
D:1:      sevenhm_arrival_forest_fort_small_6, layout_basic, minivault_23,
          minmay_3d_cube
D:2:      layout_loops_ring, old_standard_altar, kiku_gazebo_garden_becter,
          nicolae_qazlal_general_emergency
D:3:      layout_rooms, chequers_serial_rivers_small_a,
          wander_ebering_terrifying_dragon_lair
D:4:      layout_basic, kennysheep_little_box,
          minmay_temple_entry_gardened_gates, first_ration,
          grunt_decor_one_mirror
D:5:      layout_cave_pools, gup_ossuary_entry_pyramid, serial_column_ruins,
          column_ruins_square_large, column_ruins_hut_pillars,
          column_ruins_columns_corner, column_ruins_grid_3,
          column_ruins_corridor_straight, column_ruins_grid_1
D:6:      minmay_inner_zag, layout_basic, serial_shops, shop,
          corexii_checkpoint_b, grunt_decor_mini_mirrors,
          kennysheep_slug_shrine, uniq_blork_the_orc
D:7:      layout_gridville, serial_shops, nicolae_shop_waterfront,
          grunt_ogre_cave
D:8:      layout_gridville
D:9:      layout_small_grid, due_lair_maze_entry_diamond, erik_orc_4,
          serial_park_tiny_2
D:10:     layout_cave_pools, serial_column_ruins, column_ruins_hut_water,
          column_ruins_temple_hut, column_ruins_corridor_straight,
          column_ruins_columns_corner, column_ruins_grid_4,
          column_ruins_columns_straight, column_ruins_grid_2,
          biasface_ghost_orc_armoury, basic_altar
D:11:     layout_basic, uniq_urug
D:12:     layout_irregular_city, uniq_azrael
D:13:     layout_loops_cross, david_vaults_5, wad_dig_loot
D:14:     layout_rooms, gauntlet_entry_generic, kennysheep_nondescript,
          basic_altar, serial_shops, shop, uniq_jorgrun, uniq_nessos,
          uniq_louise
Temple:   hc_temple_tempest_star

Skill      XL: |  1  2  3  4  5  6  7  8  9 10 11 12 13 |
---------------+----------------------------------------+-----
Maces & Flails | 3 4 5 6 8 10 11 13 14 15 | 15.0
Fighting       | 4 5 6 8 |  8.6
Armour         | 5 7 |  7.6
Dodging        | 2 4 5 6 |  6.6
Shields        | 4 5 7 |  7.6
Evocations     | 5 6 7 |  7.0
Spellcasting   | 1 2 |  2.5
Hexes          | |  0.8

Action                   |  1- 3 |  4- 6 |  7- 9 | 10-12 | 13-15 || total
-------------------------+-------+-------+-------+-------+-------++-------
Melee: Flail             |   145 |   288 |       |       |       ||   433
       Mace              |       |    97 |   310 |       |       ||   407
       Morningstar       |       |       |   261 |   926 |   185 ||  1372
Invok: Curse Item        |       |       |       |     2 |       ||     2
  Use: Scroll            |       |     5 |     3 |    16 |     1 ||    25
       Potion            |       |       |     1 |     3 |     3 ||     7
  Eat: Chunk             |     2 |     8 |    12 |    17 |     2 ||    41
Armor: Scale mail        |    89 |       |       |       |       ||    89
       Chain mail        |    12 |   192 |   109 |       |       ||   313
       Plate armour      |       |       |   130 |   448 |   108 ||   686
Dodge: Dodged            |    46 |    34 |    29 |   121 |    33 ||   263
Block: Shield            |    74 |       |       |       |       ||    74
       Large shield      |    20 |   352 |   399 |   866 |   213 ||  1850
